 Seeded DCSS version 0.30-a0-847-g17996783a1 (webtiles) character file.

Game seed: 12265041391888024883 (custom seed)

3463 qeuew the Spear-Bearer (level 10, -2/76 HPs)
             Began as a Merfolk Gladiator on Mar 3, 2023.
             Was a Follower of Okawaru.
             Slain by a yak (13 damage)
             ... on level 9 of the Dungeon.
             The game lasted 00:07:20 (6792 turns).

qeuew the Spear-Bearer (Merfolk Gladiator)          Turns: 6792, Time: 00:07:21

Health: -2/76      AC: 11    Str: 19    XL:     10   Next: 6%
Magic:  9/11       EV: 21    Int:  8    God:    Okawaru [*.....]
Gold:   442        SH:  0    Dex: 21    Spells: 9/9 levels left

rFire   + . .      SeeInvis +    c - +5 scythe "Finisher" {speed, eviscerate}
rCold   + . .      Faith    .    (shield currently unavailable)
rNeg    . . .      Spirit   .    b - +0 leather armour
rPois   +          Reflect  .    f - +2 helmet
rElec   +          Rampage  ∞    q - scarf {repulsion}
rCorr   +                        (no gloves)
Will    .....                    h - +3 pair of seven-league boots {Rampage+∞}
Stlth   +++                      (no amulet)
HPRegen 0.32/turn                k - ring of resist corrosion
MPRegen 0.12/turn                n - +6 ring of dexterity

@: resistant, heroic, repel missiles
A: (nimble swimmer 2), mertail, see invisible, wild magic 1
a: Renounce Religion, Heroism


You were on level 9 of the Dungeon.
You worshipped Okawaru.
Okawaru was aware of your devotion.
You visited 2 branches of the dungeon, and saw 10 of its levels.

You collected 442 gold pieces.

Inventory:

Hand Weapons
 c - the +5 scythe "Finisher" (weapon) {speed, eviscerate}
   (You found it on level 4 of the Dungeon)
Missiles
 d - 3 throwing nets (quivered)
 e - a javelin
Armour
 b - a +0 leather armour (worn)
 f - a +2 helmet (worn)
 h - the +3 pair of seven-league boots (worn) {Rampage+∞}
   (You found it on level 4 of the Dungeon)

   Rampage+∞: When moving toward enemies, its wearer moves as far as possible.
 q - a scarf of repulsion (worn)
Jewellery
 k - a ring of resist corrosion (left hand)
 n - a +6 ring of dexterity (right hand)
Wands
 v - a wand of iceblast (5)
Scrolls
 a - a scroll of silence
 i - 6 scrolls of teleportation
 j - 2 scrolls of fog
 l - a scroll of identify
 o - 2 scrolls of enchant weapon
 r - a scroll of blinking
Potions
 g - a potion of curing
 m - a potion of resistance
 p - a potion of brilliance
 s - a potion of magic


   Skills:
 + Level 6.0(11.0) Fighting
 * Level 10.5(15.5) Polearms
 * Level 7.6(12.6) Throwing
 + Level 3.6(8.6) Armour
 * Level 8.1(13.1) Dodging
 + Level 1.6 Invocations
 + Level 1.0 Evocations


You had 9 spell levels left.
You didn't know any spells.
Your spell library contained the following spells:

 Spells                   Type           Power      Damage    Failure   Level
 Magic Dart               Conj           0%         1d3       54%         1
 Shock                    Conj/Air       0%         1d3       54%         1
 Cigotuvi's Dreadful Rot  Necr/Pois/Air  0%         N/A       67%         2
 Static Discharge         Conj/Air       0%         2-2/arc   67%         2
 Mephitic Cloud           Conj/Pois/Air  0%         N/A       88%         3
 Swiftness                Air            0%         N/A       88%         3
 Vhi's Electric Charge    Tloc/Air       0%         N/A       88%         3
 Airstrike                Air            0%         2d(0-16)  99%         4
 Dispel Undead            Necr           0%         3d6       99%         4
 Ice Form                 Ice/Tmut       0%         N/A       99%         4
 Olgreb's Toxic Radiance  Pois           0%         N/A       99%         4
 Arcjolt                  Conj/Air       0%         1d10      100%        5
 Freezing Cloud           Conj/Ice/Air   0%         6-21      100%        5
 Lightning Bolt           Conj/Air       0%         1d11      100%        5
 Summon Small Mammal      Summ           Unusable   N/A       N/A         1
 Call Imp                 Summ           Unusable   N/A       N/A         2
 Call Canine Familiar     Summ           Unusable   N/A       N/A         3
 Summon Guardian Golem    Hex/Summ       Unusable   N/A       N/A         3
 Summon Ice Beast         Ice/Summ       Unusable   N/A       N/A         4
 Death Channel            Necr           Unusable   N/A       N/A         6

Dungeon Overview and Level Annotations

Branches:
Dungeon (9/15)             Temple (1/1) D:7
   Lair: D:8-11         Orc: D:9-12

Altars:
Ashenzari
Cheibriados
Dithmenos
Elyvilon
Gozag
Hepliaklqana
Kikubaaqudgha
Makhleb
Nemelex Xobeh
Okawaru
Qazlal
Ru
Sif Muna
Trog
Uskayaw
Wu Jian
Xom
Yredelemnul
Zin
The Shining One


Innate Abilities, Weirdness & Mutations

((You are very nimble when in or above water. (Stealth+, EV+, Speed+++)))
Your lower body shifts to a powerful aquatic tail in water.
You have supernaturally acute eyesight. (SInv)
Your spells are a little harder to cast, but a little more powerful.


Message History

You feel protected. The killer bee stings you.
The killer bee closely misses you.
You gain the combat prowess of a mighty hero.
The killer bee completely misses you. The killer bee closely misses you.
You hit the killer bee.
You kill the killer bee!
Okawaru accepts your kill.
The killer bee attacks as you move away!
The killer bee completely misses you. The killer bee stings you.
You slice the killer bee!!
You kill the killer bee!
Okawaru accepts your kill. The killer bee misses you.
You slash the killer bee!
You kill the killer bee!
Okawaru accepts your kill.
Your Evocations skill increases to level 1!
You stride towards the yak!
You slash the yak!
The yak is moderately wounded.
The yak gores you!
* * * LOW HITPOINT WARNING * * *
You hit the yak.
The yak is moderately wounded.
The yak closely misses you.
You hit the yak.
The yak is heavily wounded.
The yak misses you.
You hit the yak.
The yak is heavily wounded.
You hit the yak.
The yak is heavily wounded.
The yak gores you!
* * * LOW HITPOINT WARNING * * *
You barely miss the yak.
The yak is heavily wounded.
The yak barely misses you.
You slash the yak!
The yak is severely wounded.
The yak gores you!
You die...

########## .......
#........#
.......####........#
.......#...........#
.......#.##........#
>......#.##........#
...Y..Y#@##........#
......†#Y##........#
...Y...YY##........#
...Y...####........#
#.##### #####.####
#..# ##.#
######.#####
#..........#


You could see 3 yaks.

Vanquished Creatures
  Joseph (D:7)
  A wyvern (D:8)
  Menkaure (D:6)
  A water moccasin (D:6)
  2 orc warriors
  4 ice beasts
  A black bear (D:7)
  2 sky beasts (D:7)
  3 ogres
  A centaur (D:6)
  2 phantoms
  3 kobold brigands
  A bullfrog (D:8)
  2 scorpions (D:6)
  5 killer bees (D:9)
  A howler monkey (D:6)
  3 hounds
  4 orc priests
  A jelly (D:5)
  3 sleepcaps
  9 orc wizards
  3 gnolls (D:6)
  8 adders
  A river rat (D:3)
  A shadow imp (D:5)
  3 worms
  5 dart slugs
  28 orcs
  7 ball pythons
  8 bats
  8 endoplasms
  5 giant cockroaches
  4 goblins
  7 hobgoblins
  4 jackals (D:4)
  22 kobolds
  2 quokkas
  5 frilled lizards
  8 rats
180 creatures vanquished.

Vanquished Creatures (others)
  An orc wizard (D:3)
  6 fungi (D:3)
  4 plants (D:6)
  4 toadstools (D:3)
15 creatures vanquished.

Grand Total: 195 creatures vanquished

Notes
Turn   | Place    | Note
-------+----------+-------------------------------------------
     0 | D:1      | qeuew the Merfolk Gladiator began the quest for the Orb.
     0 | D:1      | Reached XP level 1. HP: 16/16 MP: 1/1
   261 | D:1      | Reached XP level 2. HP: 22/22 MP: 2/2
   488 | D:1      | Got the Catalogue of Frosty Degeneration
  1106 | D:2      | Reached XP level 3. HP: 25/28 MP: 3/3
  1587 | D:3      | Reached XP level 4. HP: 34/34 MP: 4/4
  1693 | D:3      | Reached skill level 5 in Polearms
  2121 | D:3      | Noticed an ogre
  2129 | D:3      | Killed an ogre
  2130 | D:3      | Reached skill level 1 in Armour
  2130 | D:3      | Reached XP level 5. HP: 41/41 MP: 5/5
  2621 | D:3      | Gained mutation: You have supernaturally acute eyesight.
                  | (SInv) [potion of mutation]
  2621 | D:3      | Gained mutation: Your spells are a little harder to cast,
                  | but a little more powerful. [potion of mutation]
  2647 | D:4      | Reached XP level 6. HP: 47/47 MP: 6/6
  2688 | D:4      | Found the +3 pair of seven-league boots {Rampage+∞}
  2755 | D:4      | Found the +5 scythe "Finisher" {speed, eviscerate}
  2794 | D:4      | Reached skill level 6 in Polearms
  3086 | D:4      | Reached skill level 5 in Dodging
  3370 | D:5      | Entered Level 5 of the Dungeon
  3412 | D:5      | Reached XP level 7. HP: 50/52 MP: 7/7
  3959 | D:5      | You fall into a shaft and drop 3 floors!
  3992 | D:8      | Reached skill level 7 in Polearms
  4106 | D:8      | Noticed a wyvern
  4116 | D:8      | Killed a wyvern
  4117 | D:8      | Reached skill level 5 in Throwing
  4117 | D:8      | Reached XP level 8. HP: 60/60 MP: 8/8
  4286 | D:6      | Reached skill level 8 in Polearms
  4569 | D:6      | Noticed Menkaure
  4573 | D:6      | Killed Menkaure
  4580 | D:6      | Reached skill level 5 in Fighting
  4580 | D:6      | Reached XP level 9. HP: 62/68 MP: 9/9
  4583 | D:6      | Reached skill level 9 in Polearms
  5466 | D:7      | Identified the +1 robe of Death Resistance {rC- Will+ Int+2
                  | Dex+3}
  5742 | D:7      | Reached skill level 10 in Polearms
  5808 | D:7      | Found a staircase to the Ecumenical Temple.
  5836 | Temple   | Entered the Ecumenical Temple
  5914 | Temple   | Became a worshipper of Warmaster Okawaru
  5998 | D:7      | Noticed Joseph
  5999 | D:7      | Killed Joseph
  6105 | D:7      | Found a snail-covered altar of Cheibriados.
  6322 | D:8      | Reached skill level 1 in Invocations
  6690 | D:9      | Reached * piety under Okawaru
  6770 | D:9      | Reached XP level 10. HP: 61/76 MP: 9/11
  6786 | D:9      | Reached skill level 1 in Evocations
  6792 | D:9      | Slain by a yak

Illustrated notes

Levels and vault maps discovered:
D:1:      nzn_arrival_settlement, layout_loops_corners, minmay_statues_item,
          st_stairs_3, columned_hall_lemuel
D:2:      layout_rooms
D:3:      layout_loops_ring, gup_sewer_entry_bowl, minmay_gold_behind_fungi,
          minmay_fountain_box, kennysheep_cross_bottleneck
D:4:      layout_loops_ring
D:5:      layout_loops_corners, minmay_misc_feat_tiny,
          minmay_misc_feat_diagonals, minmay_misc_feat_pillars,
          kennysheep_flooded_box
D:6:      layout_cave_pools, minmay_misc_feat_roman, serial_bayou_crossing,
          uniq_menkaure
D:7:      layout_gridville, cheibrodos_worm_habitat, minmay_temple_entry_mist,
          amcnicky_mini_corridor_feature, chequers_serial_rivers_small_b,
          patterned_corridor, uniq_joseph
D:8:      layout_loops_cross
D:9:      layout_roguey, mainiacjoe_overflow_six_doors_small,
          gammafunk_ghost_split, kennysheep_decorative_pillar
Temple:   compressed_dpeg_triangle_lava_temple

Skill      XL: |  1  2  3  4  5  6  7  8  9 10 |
---------------+-------------------------------+-----
Polearms       | 5 6 7 8 10 | 10.5
Throwing       | 3 4 5 6 7 |  7.6
Fighting       | 3 4 5 6 |  6.0
Armour         | 1 2 3 |  3.6
Dodging        | 5 6 8 |  8.1
Invocations    | 1 |  1.6
Evocations     | 1 |  1.0

Action                     |  1- 3 |  4- 6 |  7- 9 | 10-12 || total
---------------------------+-------+-------+-------+-------++-------
  Melee: Trident           |   118 |   111 |       |       ||   229
         Punch             |     1 |     3 |       |       ||     4
         Scythe            |       |    52 |   209 |    17 ||   278
 Invoke: Heroism           |       |       |       |     1 ||     1
    Use: Scroll            |     3 |     2 |     8 |       ||    13
         Potion            |     2 |     5 |     2 |     2 ||    11
   Stab: Sleeping          |     4 |       |     2 |       ||     6
 Armour: Leather armour    |    13 |    53 |    41 |     3 ||   110
  Dodge: Dodged            |    59 |   103 |   117 |    22 ||   301
         Repelled          |       |       |     2 |       ||     2

Table legend: (Time is in decaauts)
 A = Elapsed time spent in this place.
 B = Non-inter-level travel time spent in this place.
 C = Inter-level travel time spent in this place.
 D = Time resting spent in this place.
 E = Time spent auto-exploring this place.
 F = Levels seen in this place.
 G = Mean time per level.
                   A        B        C        D        E       F      G
               +--------+--------+--------+--------+--------+-----+--------+
         Total |   6780 |   6405 |    375 |      0 |   5370 |  10 |  678.0 |
       Dungeon |   6687 |   6328 |    359 |      0 |   5306 |   9 |  743.0 |
        Temple |     92 |     77 |     15 |      0 |     64 |   1 |   92.0 |
               +--------+--------+--------+--------+--------+-----+--------+

Top non-repeatable levels by time:
     D:3: 1179 daAuts
     D:1: 1093 daAuts
     D:5: 1047 daAuts
     D:7: 775 daAuts
     D:4: 733 daAuts
     D:8: 688 daAuts
     D:6: 646 daAuts
     D:2: 383 daAuts
     D:9: 140 daAuts
  Temple: 92 daAuts
